 Seeded DCSS version 0.30.1 (webtiles) character file.

Game seed: 7229806256980976716 (custom seed)

25 McKennaii the Chiller (level 2, 20/20 HPs)
             Began as a Demigod Ice Elementalist on July 13, 2023.
             Quit the game on level 1 of the Dungeon.
             The game lasted 00:01:09 (977 turns).

McKennaii the Chiller (Demigod Ice Elementalist)     Turns: 977, Time: 00:01:10

Health: 20/20      AC:  2    Str:  9    XL:     2   Next: 63%
Magic:  7/7        EV: 12    Int: 17    God:
Gold:   50         SH:  0    Dex: 14    Spells: 4/5 levels left

rFire   . . .        (no weapon)
rCold   . . .        (no shield)
rNeg    . . .        a - +0 robe
rPois   .            (no helmet)
rElec   .            (no cloak)
rCorr   .            (no gloves)
SInv    .            (no boots)
Will    .....        (no amulet)
Stlth   ++           (no ring)
HPRegen 0.23/turn    (no ring)
MPRegen 0.10/turn

%: no passive effects
@: no status effects
A: high MP 1, forlorn, divine attributes
a: no special abilities


You were on level 1 of the Dungeon.
You visited 1 branch of the dungeon, and saw 1 of its levels.

You collected 50 gold pieces.

Inventory:

Missiles
 c - a throwing net
Armour
 a - a +0 robe (worn)
Scrolls
 d - 2 scrolls of amnesia {unknown}
 e - a scroll of acquirement
 f - a scroll of teleportation {unknown}
 h - a scroll of enchant armour {unknown}
 i - a scroll of blinking {unknown}
 k - 2 scrolls of identify {unknown}
Potions
 b - a potion of magic
 g - a potion of might {unknown}
 j - a potion of mutation {unknown}


   Skills:
 - Level 1.7 Dodging
 - Level 1.7 Stealth
 + Level 2.4 Spellcasting
 + Level 4.0 Ice Magic


You had 4 spell levels left.
You knew the following spells:

 Your Spells              Type           Power      Damage    Failure   Level
a - Freeze                Ice            60%        1d7       3%          1

Your spell library contained the following spells:

 Spells                   Type           Power      Damage    Failure   Level
 Frozen Ramparts          Ice            30%        1d5       11%         3
 Ozocubu's Armour         Ice            15%        N/A       11%         3
 Summon Ice Beast         Ice/Summ       8%         N/A       63%         4


Dungeon Overview and Level Annotations

Branches:
Dungeon (1/15)


Innate Abilities, Weirdness & Mutations

You have an increased reservoir of magic. (+10% MP)
You shall have no god before yourself.
Your divine heritage dramatically boosts your attributes as you level up.


Message History

You can't see any susceptible monsters within range! (Use Z to cast anyway.)
You see here 3 stones.
Key pressed, stopping explore.
You can't see any susceptible monsters within range! (Use Z to cast anyway.)
You see here a +0 dagger.
A jackal comes into view.
The jackal barks!
You hear a bark!
You can't see any susceptible monsters within range! (Use Z to cast anyway.)
A jackal is nearby!
You can't see any susceptible monsters within range! (Use Z to cast anyway.)
A jackal is nearby!
A jackal is nearby!
You can't see any susceptible monsters within range! (Use Z to cast anyway.)
A jackal comes into view.
You can't see any susceptible monsters within range! (Use Z to cast anyway.)
There are monsters nearby!
You closely miss the jackal. The jackal closely misses you.
You freeze the jackal!
You kill the jackal!
The jackal misses you.
A jackal is nearby!
You barely miss the jackal. The jackal closely misses you.
You freeze the jackal!
You kill the jackal!
You can't see any susceptible monsters within range! (Use Z to cast anyway.) No target in view!
Found a whip.
You can't see any susceptible monsters within range! (Use Z to cast anyway.) No target in view!
Done exploring.
You can't see any susceptible monsters within range! (Use Z to cast anyway.) Done exploring.
You can't see any susceptible monsters within range! (Use Z to cast anyway.) Done exploring.
You can't see any susceptible monsters within range! (Use Z to cast anyway.) Done exploring.
This is a scroll of acquirement!
You see here Ozocubu's Autobiography.
Something appears at your feet! Something appears at your feet!
Are you sure you want to abandon this character and quit the game? (Confirm with "yes".)

#.#.......#....# #
#.#######.#..#.###
#.# #.#..##... #.#
#.#....... #.#
####.#....... #.#
#.......####. #.#
#.##.##.# ##
#.####.##.##.#####
#@..............#.
######.#..##.##..#
#..#.##.##..#
#.###>..###.#
##.#.#### ##.
##.## ## #.# # #.#
# #.# #


There were no monsters in sight!

Vanquished Creatures
  3 bats (D:1)
  2 giant cockroaches (D:1)
  A goblin (D:1)
  2 hobgoblins (D:1)
  6 jackals (D:1)
  2 quokkas (D:1)
  2 ball pythons (D:1)
  A frilled lizard (D:1)
  A rat (D:1)
20 creatures vanquished.

Notes
Turn   | Place    | Note
-------+----------+-------------------------------------------
     0 | D:1      | McKennaii the Demigod Ice Elementalist began the quest for
                  | the Orb.
     0 | D:1      | Reached XP level 1. HP: 14/14 MP: 5/5
   292 | D:1      | Reached XP level 2. HP: 14/20 MP: 0/7
   496 | D:1      | Reached skill level 4 in Ice Magic
   975 | D:1      | Identified 3 scrolls of acquirement
   975 | D:1      | Acquired Ozocubu's Autobiography
   976 | D:1      | Acquired the +0 helmet "Qoeduth" {rC+ Slay+2}
   977 | D:1      | Quit the game

Illustrated notes

Levels and vault maps discovered:
D:1:      spicycebolla_arrival_ecumenical, layout_loops_ring

Skill      XL: |  1  2 |
---------------+-------+-----
Spellcasting   | 2 |  2.4
Ice Magic      | 4 |  4.0
Dodging        | |  1.7
Stealth        | |  1.7

Action                     || total
---------------------------++-------
  Melee: Unarmed           ||    79
         Punch             ||     1
   Cast: Freeze            ||    26
    Use: Scroll            ||     2
 Armour: Robe              ||    33
  Dodge: Dodged            ||    91
